Map: Eternal Empire LE

Players

Mia

  • Race: Protoss Protoss
  • League: Master
  • Spawn Location: 1:00

BewwyCwuncH - Winner!

  • Race: Terran Terran
  • League: Grandmaster
  • Spawn Location: 7:00

VOD

Have the link to the VOD?

Description

Time

  • Played on: Jan. 22, 2020, 1:08 a.m.
  • Length: 6:31
Show
View Real Time Build Order
Export as new Build Order

Mia Protoss 

Build Orders: 1 Gate Expand, Oracle Opening 

Get SALT Encoding   

  12  0:00  Probe  
  13  0:13  Probe  
  14  0:19  Pylon  
  14  0:25  Probe  
  15  0:37  Probe (Chrono Boost)  
  15  0:40  Gateway  
  16  0:47  Probe (Chrono Boost), Assimilator  
  17  0:51  Probe (Chrono Boost)  
  18  1:03  Probe  
  19  1:15  Probe  
  20  1:28  Cybernetics Core  
  20  1:35  Nexus  
  20  1:41  Pylon  
  20  1:43  Probe  
  21  1:51  Assimilator  
  21  1:55  Probe  
  22  2:01  Adept (Chrono Boost)  
  22  2:07  Probe  
  25  2:17  Stargate  
  25  2:19  Probe  
  26  2:27  Adept (Chrono Boost)  
  28  2:31  Warp Gate, Probe  
  29  2:43  Probe  
  29  2:47  Probe  
  29  2:55  Probe  
  30  2:59  Probe  
  30  3:01  Oracle (Chrono Boost)  
  34  3:08  Probe  
  34  3:11  Probe  
  36  3:15  Gateway  
  36  3:17  Adept  
  38  3:20  Probe  
  38  3:24  Probe  
  40  3:31  Oracle (Chrono Boost)  
  40  3:32  Probe  
  41  3:37  Probe  
  41  3:41  Gateway  
  45  3:44  Probe  
  46  3:52  Shield Battery  
  46  4:02  Pylon  
  46  4:04  Probe  
  46  4:18  Pylon  
  46  4:19  Oracle (Chrono Boost)  
  46  4:20  Probe  
  46  4:23  Stalker x2  
  54  4:26  Pylon  
  51  4:34  Probe (Chrono Boost)  
  53  4:38  Probe (Chrono Boost)  
  53  4:41  Twilight Council  
  53  4:45  Probe (Chrono Boost)  
  54  4:49  Probe (Chrono Boost)  
  54  4:50  Probe (Chrono Boost)  
  56  4:55  Phoenix (Chrono Boost)  
  56  4:58  Probe  
  59  5:00  Probe  
  59  5:10  Probe  
  59  5:13  Probe  
  59  5:22  Probe  
  59  5:23  Shield Battery  
  59  5:25  Probe  
  61  5:34  Probe  
  62  5:37  Probe  
  62  5:39  Gateway  
  62  5:41  Gateway  
  62  5:42  Gateway  
  63  5:44  Zealot x2  
  67  5:56  Stalker  
  56  6:03  Phoenix (Chrono Boost)  
  49  6:07  Zealot x2  
  49  6:10  Pylon  
  40  6:21  Zealot  
Show
View Real Time Build Order
Export as new Build Order

BewwyCwuncH Terran - Winner!

Build Orders: 1/1/1, Banshee Rush 

Get SALT Encoding   

  12  0:00  SCV  
  13  0:13  SCV  
  14  0:19  Supply Depot  
  14  0:25  SCV  
  15  0:35  Refinery  
  15  0:41  SCV  
  16  0:50  Barracks  
  16  0:53  SCV  
  17  0:59  Refinery  
  17  1:05  SCV  
  18  1:17  SCV  
  19  1:37  Orbital Command, Reaper  
  20  1:40  Factory  
  20  1:51  Supply Depot  
  20  2:04  SCV  
  21  2:09  Barracks Reactor  
  21  2:16  SCV  
  22  2:24  Supply Depot  
  22  2:25  Starport, Factory Tech Lab  
  22  2:28  SCV  
  23  2:40  SCV  
  27  2:44  Siege Tank  
  27  2:46  Marine x2  
  29  2:52  SCV  
  30  3:02  Medivac  
  30  3:04  Marine x2  
  33  3:11  Supply Depot  
  33  3:12  SCV  
  34  3:23  Marine  
  34  3:24  Marine  
  34  3:26  SCV  
  37  3:28  Factory Tech Lab  
  37  3:35  Supply Depot  
  37  3:38  Cloaking Field  
  37  3:40  Banshee  
  40  3:43  Marine  
  40  3:44  Marine  
  42  3:58  Siege Tank  
  42  4:01  Marine  
  42  4:02  Marine  
  47  4:19  Marine  
  47  4:20  Marine  
  46  4:32  Banshee  
  46  4:36  Marine  
  46  4:38  Marine, Supply Depot  
  50  4:40  Engineering Bay, Siege Tank  
  54  4:54  Marine  
  54  4:59  Marine  
  55  5:00  SCV  
  57  5:12  Marine, Siege Tank  
  61  5:17  Marine  
  59  5:21  Banshee  
  62  5:30  Marine  
  62  5:35  Supply Depot  
  63  5:38  Supply Depot  
  63  5:46  Bunker, Missile Turret  
  56  6:11  Marine  
  46  6:31  Supply Depot  
Tags
 
Add a new tag
Caveats
  • Supply blocks, unpowered buildings, or Contaminate may cause inaccurate times.
  • Supply counts are checked every 10 seconds.